 Dungeon Crawl Stone Soup version 0.29-a0-283-ga02f740833 (webtiles) character file.

Game seed: 4873595474465519088

2113 Dabor the Skirmisher (level 9, -1/57 HPs)
             Began as a Gargoyle Fighter on Mar 13, 2022.
             Was an Initiate of Gozag.
             Slain by a vampire mosquito (3 damage)
             ... on level 6 of the Dungeon.
             The game lasted 00:10:00 (7515 turns).

Dabor the Skirmisher (Gargoyle Fighter)             Turns: 7515, Time: 00:10:01

Health: -1/57      AC: 15    Str: 25    XL:     9   Next: 29%
Magic:  9/9        EV:  9    Int:  8    God:    Gozag
Gold:   260        SH:  5    Dex:  9    Spells: 8/8 levels left

rFire   + . .      SeeInvis +   d - +6 mace of the Lair of Beasts {flame, rElec rF+ rCorr}
rCold   . . .      Faith    .   c - +0 buckler
rNeg    + . .      Spirit   .   b - +0 scale mail
rPois   ∞          Reflect  .   (no helmet)
rElec   +          Harm     .   (no cloak)
rCorr   +          Rampage  .   (no gloves)
Will    .....                   l - +0 pair of boots
Stlth   ..........              (no amulet)
HPRegen 0.19/turn               g - ring of see invisible
MPRegen 0.11/turn               (no ring)

@: gold aura, attractive
A: sickness immunity, AC +6, negative energy resistance 1, electricity
resistance, torment resistance 1, petrification resistance
a: Renounce Religion, Potion Petition, Call Merchant, Bribe Branch


You were on level 6 of the Dungeon.
You worshipped Gozag.
Gozag was aware of your devotion.
You visited 1 branch of the dungeon, and saw 6 of its levels.

You collected 700 gold pieces.
You spent 402 gold pieces at shops.
You paid 38 gold pieces to Gozag.

Inventory:

Hand Weapons
 a - a +0 flail
 d - the +6 mace of the Lair of Beasts (weapon) {flame, rElec rF+ rCorr}
   (You bought it in a shop on level 5 of the Dungeon)

   It burns those it strikes, dealing additional fire damage.
   rF:        It protects you from fire.
   rElec:     It insulates you from electricity.
   rCorr:     It protects you from acid and corrosion.
 o - a +2 flail of holy wrath
Armour
 b - a +0 scale mail (worn)
 c - a +0 buckler (worn)
 l - a +0 pair of boots (worn)
Jewellery
 g - a ring of see invisible (left hand)
 h - a +6 ring of intelligence
Scrolls
 e - a scroll of enchant armour
 f - 2 scrolls of magic mapping
 i - 4 scrolls of identify
 j - a scroll of blinking
 k - 2 scrolls of teleportation


   Skills:
 + Level 7.3 Fighting
 + Level 6.2 Maces & Flails
 + Level 7.3 Armour
 + Level 7.3 Shields


You had 8 spell levels left.
You didn't know any spells.
Your spell library contained the following spells:

 Spells                   Type           Power      Damage    Failure   Level
 Animate Skeleton         Necr           0%         N/A       75%         1
 Apportation              Tloc           0%         N/A       75%         1
 Magic Dart               Conj           0%         1d3       75%         1
 Pain                     Necr           0%         1d4       75%         1
 Summon Small Mammal      Summ           0%         N/A       75%         1
 Searing Ray              Conj           0%         2d4       87%         2
 Tukima's Dance           Hex            0%         N/A       98%         3
 Vampiric Draining        Necr           0%         2d6       98%         3
 Fulminant Prism          Conj/Hex       0%         3d6       100%        4
 Passage of Golubria      Tloc           0%         N/A       100%        4
 Yara's Violent Unravell  Hex/Tmut       0%         3d3       100%        5


Dungeon Overview and Level Annotations

Branches:
Dungeon (6/15)
 Temple: D:4-7

Altars:
Dithmenos
Fedhas
Gozag
Hepliaklqana
Kikubaaqudgha

Shops:
D:2 *   D:5 (


Innate Abilities, Weirdness & Mutations

You are immune to sickness and miasma.
Your stone body is resilient. (AC +6)
You are immune to poison.
You resist negative energy. (rN+)
You are resistant to electric shocks. (rElec)
You are resistant to unholy torment.
You are immune to petrification.


Message History

You sock the centaur! You burn the centaur.
You kill the centaur!
The vampire mosquito bites you.
* * * LOW HITPOINT WARNING * * *
It was a potion of attraction.
You feel attractive to monsters.
You block the vampire mosquito's attack.
Blink to where?
Press: ? - help, Dir - move target
As you read the scroll of blinking, it crumbles to dust.
The vampire mosquito is attracted toward you.
Blink to where?
Press: ? - help, Dir - move target
As you read the scroll of blinking, it crumbles to dust.
The vampire mosquito is attracted toward you.
The vampire mosquito attacks as you move away!
You block the vampire mosquito's attack.
The vampire mosquito is distracted by your dazzling golden aura.
The vampire mosquito is attracted toward you.
The vampire mosquito is attracted toward you.
Okay, then.
The vampire mosquito buzzes angrily.
You sock the vampire mosquito! You burn the vampire mosquito.
The vampire mosquito is no longer distracted by gold.
The vampire mosquito is heavily damaged.
The vampire mosquito bites you.
* * * LOW HITPOINT WARNING * * *
The vampire mosquito bites you but does no damage.
You barely miss the vampire mosquito.
The vampire mosquito is heavily damaged.
The vampire mosquito bites you but does no damage.
The vampire mosquito barely misses you.
You barely miss the vampire mosquito.
The vampire mosquito is heavily damaged.
The vampire mosquito bites you but does no damage. x2
You barely miss the vampire mosquito.
The vampire mosquito is heavily damaged.
The vampire mosquito bites you.
You die...
Your body crumbles into a pile of gold.

#############.#
#.# #§########
..######........#
........##......#
..#####.........#
#######.......#
#........y....# $
#........@....#
#.......).....#
####.###.<....#
#.. #......# #..
######## #.. #.


You could see a vampire mosquito.

Vanquished Creatures
  The ghost of fly the Quickloader, a novice KoHu (D:5)
  An unseen horror (D:6)
  2 water moccasins
  A black bear (D:5)
  2 centaurs (D:6)
  A phantom (D:5)
  Blork the orc (D:5)
  4 scorpions
  A howler monkey (D:5)
  3 orc priests
  5 hounds
  A jelly (D:5)
  3 iguanas
  3 orc wizards
  4 adders
  7 gnolls (D:5)
  A shadow imp (D:5)
  An ufetubus (D:4)
  A worm (D:3)
  2 dart slugs
  13 orcs
  5 ball pythons
  2 endoplasms
  A giant cockroach (D:3)
  6 hobgoblins
  4 jackals (D:2)
  5 kobolds
  4 quokkas
  7 bats
  5 frilled lizards
  7 goblins
  4 rats
108 creatures vanquished.

Vanquished Creatures (others)
  An orc wizard (D:3)
  4 withered plants (D:4)
5 creatures vanquished.

Grand Total: 113 creatures vanquished

Notes
Turn   | Place    | Note
-------+----------+-------------------------------------------
     0 | D:1      | Dabor the Gargoyle Fighter began the quest for the Orb.
     0 | D:1      | Reached XP level 1. HP: 14/14 MP: 1/1
    51 | D:1      | Found a faded altar of an unknown god.
   100 | D:1      | Reached XP level 2. HP: 16/19 MP: 2/2
   372 | D:1      | You fall into a shaft and drop 1 floor!
   874 | D:2      | Reached XP level 3. HP: 22/23 MP: 3/3
   973 | D:2      | Found Ojyoru Izio's Assorted Antiques.
   991 | D:2      | Bought a scroll labelled PYEHIE POLI for 27 gold pieces
   991 | D:2      | Bought a scroll labelled LAMAVYT LULYKHLUUL for 27 gold
                  | pieces
  1542 | D:3      | Found a blossoming altar of Fedhas.
  1553 | D:3      | Found an opulent altar of Gozag.
  1564 | D:3      | Became a worshipper of Gozag Ym Sagoz the Greedy
  1588 | D:3      | Reached XP level 4. HP: 29/29 MP: 4/4
  1819 | D:3      | Noticed a water moccasin
  1830 | D:3      | Killed a water moccasin
  1831 | D:3      | Reached XP level 5. HP: 18/33 MP: 5/5
  2754 | D:3      | Reached XP level 6. HP: 39/39 MP: 6/6
  3192 | D:4      | Found an ancient bone altar of Kikubaaqudgha.
  4356 | D:4      | Found a hazy altar of Hepliaklqana.
  4357 | D:4      | Found a shadowy altar of Dithmenos.
  4357 | D:4      | Noticed a shadow
  4420 | D:4      | Reached skill level 5 in Fighting
  4420 | D:4      | Reached skill level 5 in Armour
  4420 | D:4      | Reached skill level 5 in Shields
  4420 | D:4      | Reached XP level 7. HP: 44/44 MP: 7/7
  4841 | D:5      | Entered Level 5 of the Dungeon
  5879 | D:5      | Noticed Blork the orc
  5891 | D:5      | Reached XP level 8. HP: 40/51 MP: 8/8
  5916 | D:5      | Killed Blork the orc
  6295 | D:5      | Reached skill level 5 in Maces & Flails
  6410 | D:5      | Found a runed translucent gate.
  6412 | D:5      | Found a runed translucent gate.
  6413 | D:5      | Found a runed translucent gate.
  6415 | D:5      | Noticed fly's ghost (novice KoHu)
  6981 | D:5      | Found Kamocs's Antique Weapon Shop.
  6984 | D:5      | Bought a glowing flail for 156 gold pieces
  7290 | D:5      | Killed fly's ghost
  7395 | D:5      | Bought a smoking mace for 192 gold pieces
  7395 | D:5      | Identified the +6 mace of the Lair of Beasts {flame, rElec
                  | rF+ rCorr} (You bought it in a shop on level 5 of the
                  | Dungeon)
  7441 | D:6      | Reached XP level 9. HP: 55/57 MP: 9/9
  7466 | D:6      | Noticed an unseen horror
  7484 | D:6      | Killed an unseen horror
  7512 | D:6      | HP: 1/57 [vampire mosquito (5)]
  7515 | D:6      | Slain by a vampire mosquito

Illustrated notes

Levels and vault maps discovered:
D:1:      minmay_arrival_cross, layout_basic,
          dreamdust_ecumenical_altar_statues, feat_on_display
D:2:      layout_basic, serial_shops, shop, st_stairs_3, minmay_misc_feat_x
D:3:      layout_basic, chequers_temple_overflow_statue_of_worship
D:4:      layout_loops_ring, riverfiend_overflow_shadow_ancestor,
          kiku_gazebo_garden_becter
D:5:      layout_basic, ebering_ghost_rock_garden, serial_shops,
          nicolae_shop_behind_doors, dk_noncrumbling_3,
          minmay_increasing_density, uniq_blork_the_orc
D:6:      layout_rooms, temple_pool_b, hangedman_minor_gate_pass

Skill      XL: |  1  2  3  4  5  6  7  8  9 |
---------------+----------------------------+-----
Fighting       | 4 5 7 |  7.3
Maces & Flails | 3 4 5 6 |  6.2
Armour         | 4 5 6 7 |  7.3
Shields        | 4 5 7 |  7.3

Action                   |  1- 3 |  4- 6 |  7- 9 || total
-------------------------+-------+-------+-------++-------
Melee: Flail             |   116 |   191 |   211 ||   518
       Mace              |       |       |    24 ||    24
  Use: Scroll            |     4 |     1 |     4 ||     9
       Potion            |       |     4 |     3 ||     7
Armor: Scale mail        |    67 |   111 |   121 ||   299
       Skin              |       |       |    23 ||    23
Dodge: Dodged            |    47 |   114 |   107 ||   268
Block: Buckler           |    25 |    43 |    53 ||   121

Table legend: (Time is in decaauts)
 A = Elapsed time spent in this place.
 B = Non-inter-level travel time spent in this place.
 C = Inter-level travel time spent in this place.
 D = Time resting spent in this place.
 E = Time spent auto-exploring this place.
 F = Levels seen in this place.
 G = Mean time per level.
                   A        B        C        D        E       F      G
               +--------+--------+--------+--------+--------+-----+--------+
         Total |   7628 |   7348 |    280 |   1621 |   4496 |   6 | 1271.3 |
       Dungeon |   7628 |   7348 |    280 |   1621 |   4496 |   6 | 1271.3 |
               +--------+--------+--------+--------+--------+-----+--------+

Top non-repeatable levels by time:
     D:5: 2631 daAuts
     D:3: 1711 daAuts
     D:4: 1689 daAuts
     D:1: 818 daAuts
     D:2: 695 daAuts
     D:6: 81 daAuts
